AoeStats
← 一剑扫秋风nelson

Black Forest

504441902Analyzed
4v4 RM · 28d ago on Sep 5, 2026· 47m 21s· 8 players
Game mode
Random Map
Map size
Large (8 player)
Population
200
Speed
Normal
Resources
Standard
Victory
Conquest
Starting age
Dark Age
Ending age
Imperial Age
RankedLock teamsTeams togetherTeam positionsShared explorationLock speedFull tech treeHidden civsTurbo modeCheats
Victory
Defeat
🇨🇳 Mapuche · China
1842
+10
🇹🇷 Britons · Türkiye
1767
+13
🇬🇧 Maya · United Kingdom
1674
+17
🇧🇪 Spanish · Belgium
1623
+20
🇨🇳 Saracens · China
1740
-16
1720
-16
1673
-14
🇨🇳 Bulgarians · China
1672
-14
Ginger lee fondle your meatballs
0:41 Loom
10:42 Feudal Age
11:32 Double-Bit Axe
12:35 Wheelbarrow
19:41 Castle Age
23:10 Fervor
26:25 Imperial Age
24:41 Bow Saw
25:47 Sanctity
26:49 Chemistry
25:56 Fishing Lines
31:25 Conscription
31:43 Elite Hussite Wagon
33:20 Houfnice
34:24 Caravan
35:09 Herbal Medicine
35:19 Devotion
35:58 Siege Engineers
38:13 Heresy
41:22 Wagenburg Tactics
43:00 Hand Cart
42:30 Town Watch
45:54 Bombard Tower
45:45 Masonry
45:17 Treadmill Crane
45:57 Ballistics
46:13 Fletching
46:24 Padded Archer Armor
经典不变的回忆 | memory
11:26 Feudal Age
12:04 Double-Bit Axe
15:11 Castle Age
13:15 Horse Collar
16:04 Bow Saw
16:44 Heavy Plow
19:51 Wheelbarrow
28:35 Imperial Age
26:00 Stone Mining
26:33 Fletching
27:10 Bodkin Arrow
27:08 Gold Mining
27:56 Stone Shaft Mining
28:04 Padded Archer Armor
28:41 Gold Shaft Mining
28:01 Loom
28:34 Hand Cart
29:01 Leather Archer Armor
29:43 Bracer
30:10 Conscription
30:55 Elite Mangudai
32:06 Husbandry
32:16 Bloodlines
33:05 Thumb Ring
33:26 Parthian Tactics
33:35 Ballistics
34:39 Chemistry
34:29 Scale Barding Armor
34:34 Forging
34:42 Light Cavalry
35:48 Chain Barding Armor
37:00 Hussar
苏东坡的粉丝
0:29 Loom
15:09 Feudal Age
19:10 Castle Age
23:18 Double-Bit Axe
23:18 Horse Collar
24:43 Bow Saw
35:08 Imperial Age
37:00 Imperial Age
37:30 Caravan
39:12 Wheelbarrow
40:23 Hand Cart
40:43 Coinage
40:44 Fletching
40:54 Padded Archer Armor
40:35 Onager
47:01 Leather Archer Armor
清远华
10:56 Feudal Age
12:12 Double-Bit Axe
14:28 Castle Age
13:19 Horse Collar
15:39 Bow Saw
21:31 Wheelbarrow
21:43 Gold Mining
21:51 Stone Mining
27:43 Imperial Age
26:39 Hand Cart
26:26 Heavy Plow
26:56 Scale Barding Armor
27:03 Forging
27:00 Fishing Lines
27:47 Chain Barding Armor
28:34 Gillnets
29:24 Plate Barding Armor
29:12 Conscription
28:57 Elite Mameluke
31:57 Two-Man Saw
31:36 Iron Casting
31:34 Loom
31:14 Onager
33:20 Hoardings
33:01 Bimaristan
34:07 Blast Furnace
34:49 Husbandry
35:06 Bloodlines
34:20 Siege Onager
34:42 Siege Onager
36:59 Counterweights
40:31 Fletching
41:46 Chemistry
41:06 Ballistics
43:58 Caravan
Malice
6:09 Loom
11:45 Feudal Age
15:48 Castle Age
14:33 Double-Bit Axe
17:05 Bow Saw
20:28 Horse Collar
24:13 Wheelbarrow
23:25 Town Watch
24:57 Gold Mining
25:04 Fishing Lines
28:47 Imperial Age
27:53 Hand Cart
28:10 Heavy Plow
28:31 Padded Archer Armor
28:47 Caravan
29:53 Conscription
30:01 Redemption
30:44 Block Printing
31:11 Leather Archer Armor
31:46 Theocracy
31:34 Sanctity
33:07 Chemistry
34:27 Conscription
35:26 Fervor
35:45 Guilds
36:22 Inquisition
37:01 Bloodlines
36:51 Husbandry
37:22 Ring Archer Armor
39:06 Fletching
39:02 Capped Ram
41:48 Bodkin Arrow
42:15 Ballistics
43:16 Bracer
43:28 Masonry
43:43 Scale Barding Armor
43:49 Forging
44:28 Fortified Wall
44:49 Architecture
44:42 Bombard Tower
44:08 Elite Conquistador
一剑扫秋风nelson
7:20 Loom
9:44 Feudal Age
10:31 Double-Bit Axe
10:09 Champi Runner
11:25 Arson
20:58 Castle Age
23:08 Bow Saw
24:14 Horse Collar
24:27 Gold Mining
28:36 Heavy Plow
29:14 Wheelbarrow
28:30 Stone Mining
32:21 Imperial Age
31:41 Forging
31:19 Fishing Lines
33:08 Iron Casting
32:25 Elite Kona
33:14 Butalmapu
32:51 Elite Kona
35:04 Blast Furnace
34:48 Conscription
36:03 Crop Rotation
36:05 Elite Skirmisher
36:51 Padded Archer Armor
38:25 Fletching
39:16 Hand Cart
39:45 Bodkin Arrow
40:58 Town Watch
42:41 Coinage
43:03 Leather Archer Armor
43:55 Chemistry
43:15 Ballistics
44:12 Banking
44:40 Ring Archer Armor
46:58 Caravan
The_Punisher
0:53 Loom
10:16 Feudal Age
14:31 Castle Age
12:59 Double-Bit Axe
14:07 Horse Collar
22:19 Wheelbarrow
22:16 Bow Saw
23:27 Stone Mining
23:43 Town Watch
29:06 Imperial Age
26:53 Gold Mining
27:18 Fletching
28:12 Bodkin Arrow
28:41 Ballistics
28:24 Padded Archer Armor
30:16 Bracer
31:18 Chemistry
32:48 Warwolf
35:21 Siege Engineers
35:34 Masonry
35:21 Elite Longbowman
36:18 Leather Archer Armor
38:05 Architecture
38:21 Caravan
40:10 Conscription
41:21 Hoardings
47:33 Hand Cart
Torpedo
0:26 Loom
12:54 Feudal Age
16:34 Castle Age
14:23 Horse Collar
14:35 Double-Bit Axe
15:49 Gold Mining
17:06 Fletching
17:27 Bow Saw
17:54 Bodkin Arrow
21:10 Padded Archer Armor
22:26 Fishing Lines
25:44 Imperial Age
24:03 Stone Mining
24:53 Wheelbarrow
24:46 Town Watch
24:53 Fishing Lines
26:58 Ballistics
26:47 Horse Collar
29:54 Bracer
31:11 Chemistry
32:28 Hand Cart
32:29 Leather Archer Armor
32:54 Masonry
32:24 Treadmill Crane
34:25 Conscription
34:47 Ring Archer Armor
34:01 Elite Plumed Archer
37:16 Hoardings
38:42 Guilds
42:22 Architecture
42:25 Coinage
42:31 Thumb Ring
42:40 Caravan
44:07 Banking
44:27 Treadmill Crane
Connection lost

Rejoining the realm…

Still unreachable

The connection could not be restored.

Session expired

The server has moved on; the page needs a fresh start.